 Dungeon Crawl Stone Soup version 0.28-a0-563-gf77a47075d (webtiles) character file.

Game seed: 16942217985531864402

3538 iamoutofideas the Severer (level 10, -1/91 HPs)
             Began as a Hill Orc Gladiator on Oct 1, 2021.
             Was an Initiate of Gozag.
             Slain by a yak (13 damage)
             ... on level 8 of the Dungeon.
             The game lasted 00:13:24 (9806 turns).

iamoutofideas the Severer (Hill Orc Gladiator)      Turns: 9806, Time: 00:13:25

Health: -1/91      AC:  8    Str: 33    XL:     10   Next: 8%
Magic:  10/10      EV: 11    Int:  8    God:    Gozag
Gold:   235        SH:  0    Dex: 12    Spells: 9/9 levels left

rFire   . . .      SeeInvis .   a - +0 war axe
rCold   . . .      Faith    .   (no shield)
rNeg    . . .      Spirit   .   w - +0 scale mail
rPois   .          Reflect  .   c - +0 helmet
rElec   .          Harm     .   (no cloak)
rCorr   .          Rampage  .   (no gloves)
Will    .....                   D - +0 pair of boots
Stlth   ..........              (no amulet)
HPRegen 0.25/turn               o - +6 ring of strength
MPRegen 0.12/turn               f - +6 ring of strength

@: mighty
A: no striking features
a: Renounce Religion, Potion Petition, Call Merchant, Bribe Branch


You were on level 8 of the Dungeon.
You worshipped Gozag.
Gozag was aware of your devotion.
You visited 2 branches of the dungeon, and saw 9 of its levels.

You collected 499 gold pieces.
You spent 117 gold pieces at shops.
You paid 147 gold pieces to Gozag.

Inventory:

Hand Weapons
 a - a +0 war axe (weapon)
 s - a +0 hand axe
Missiles
 d - 5 throwing nets (quivered)
Armour
 b - a +0 leather armour
 c - a +0 helmet (worn)
 j - a +0 ring mail
 w - a +0 scale mail (worn)
 D - a +0 pair of boots (worn)
Jewellery
 f - a +6 ring of strength (right hand)
 o - a +6 ring of strength (left hand)
 F - a +6 ring of dexterity
Scrolls
 e - 3 scrolls of blinking {unknown}
 g - a scroll of teleportation
 h - a scroll of enchant weapon {unknown}
 i - 2 scrolls of fear {unknown}
 k - 2 scrolls of vulnerability {unknown}
 m - a scroll of brand weapon {unknown}
 p - a scroll of immolation {unknown}
 q - a scroll of magic mapping
 t - a scroll of holy word {unknown}
 u - 2 scrolls of fog {unknown}
 E - a scroll of identify
Potions
 n - a potion of flight
 r - a potion of cancellation
 v - a potion of mutation {unknown}
 x - a potion of curing {unknown}
 A - 2 potions of haste {unknown}
 B - a potion of magic {unknown}
 C - a potion of attraction {unknown}
 G - a potion of resistance {unknown}


   Skills:
 + Level 9.4 Fighting
 * Level 15.6 Axes
 - Level 1.7 Throwing
 - Level 2.4 Dodging


You had 9 spell levels left.
You didn't know any spells.
Your spell library contained the following spells:

 Spells                   Type           Power      Damage    Failure   Level
 Beastly Appendage        Tmut           0%         N/A       65%         1
 Slow                     Hex            0%         N/A       80%         2
 Wereblood                Tmut           0%         N/A       80%         2
 Confusing Touch          Hex            0%         N/A       95%         3
 Portal Projectile        Hex/Tloc       0%         N/A       95%         3
 Spider Form              Tmut/Pois      0%         N/A       95%         3
 Vampiric Draining        Necr           0%         2d6       95%         3
 Blade Hands              Tmut           0%         N/A       100%        5
 Excruciating Wounds      Necr           0%         N/A       100%        5


Dungeon Overview and Level Annotations

Branches:
Dungeon (8/15)             Temple (1/1) D:4
   Lair: D:8-11

Altars:
Ashenzari
Cheibriados
Dithmenos
Elyvilon
Fedhas
Gozag
Hepliaklqana
Kikubaaqudgha
Makhleb
Nemelex Xobeh
Okawaru
Ru
Sif Muna
Trog
Uskayaw
Vehumet
Wu Jian
Xom
Yredelemnul
Zin
The Shining One

Shops:
D:1 =   D:3 [   D:6 !

Annotations:
D:3 exclusion: downstairs
D:5 exclusion: 2 downstairs
D:6 dungeon here with elec monster
D:8 exclusion: upstairs


Message History

The yak barely misses you.
You slash the yak!
The yak is heavily wounded.
The yak closely misses you.
You barely miss the yak.
The yak is heavily wounded.
You slash the yak!
The yak is severely wounded.
You hit the yak but do no damage. The yak gores you! The yak gores you.
You are too injured to fight recklessly!
You are too injured to fight recklessly!
You feel much better. The yak gores you!
You closely miss the yak.
The yak is severely wounded.
You barely miss the yak. The yak closely misses you. The yak barely misses you.
The yak gores you. The yak closely misses you.
You are too injured to fight recklessly!
You slash the yak!
The yak is moderately wounded.
You closely miss the yak. You hit the yak. You hit the yak but do no damage.
The yak gores you. x2; The yak misses you.
The yak gores you but does no damage.
You barely miss the yak.
The yak is moderately wounded.
You hit the yak but do no damage. You slash the yak! You hit the yak.
The yak gores you but does no damage. The yak gores you.
The yak closely misses you.
You feel very mighty all of a sudden. The yak gores you.
* * * LOW HITPOINT WARNING * * *
The yak gores you!
* * * LOW HITPOINT WARNING * * *
The yak closely misses you. The yak gores you.
* * * LOW HITPOINT WARNING * * *
Okay, then.
Okay, then.
As you read the scroll of summoning, it crumbles to dust.
Wisps of shadow whirl around you... The yak gores you!
You die...
Your body crumbles into a pile of gold.

..#.##. .....#
....#..#.....##
....##.#....#
........... #......#.###
##.....##...##
##o...........?
#FYO.)$$....#..
#@Y..).$...####..#
#..YY###$#.$...##....
#....#...#..##.##.#..
#....#...#........#..
.....##....$..##......
......##.......#.......
....................##..
..:................###..
$ ............###...


You could see 4 yaks, a friendly two-headed ogre (summoned), a friendly bullfrog
(summoned) and a friendly orc (summoned).

Vanquished Creatures
  A slime creature (D:7)
  A shadow (D:6)
  A wraith (D:6)
  A steam dragon (D:8)
  Edmund (D:4)
  A water moccasin (D:7)
  An orc warrior (D:8)
  2 necrophages
  3 sky beasts
  A hornet zombie (D:6)
  3 ogres
  A centaur (D:8)
  2 kobold brigands
  4 bullfrogs
  5 scorpions
  2 wyvern skeletons
  A water moccasin skeleton (D:5)
  3 killer bees (D:8)
  The ghost of willcat the Sneak, a weakling OpDe (D:5)
  A jelly (D:6)
  A bullfrog zombie (D:6)
  2 orc priests (D:8)
  3 hounds
  A gnoll shaman (D:6)
  A bullfrog skeleton (D:6)
  5 iguanas
  An orc wizard (D:8)
  A killer bee zombie (D:6)
  A howler monkey zombie (D:8)
  4 gnolls (D:6)
  10 adders
  A shadow imp (D:4)
  4 white imps
  An ufetubus (D:6)
  A worm (D:5)
  3 dart slugs
  22 orcs
  8 ball pythons
  9 endoplasms
  2 giant cockroaches (D:4)
  4 goblins
  3 hobgoblins
  4 jackals (D:2)
  5 quokkas
  4 bats
  4 frilled lizards
  11 kobolds
  A rat (D:1)
153 creatures vanquished.

Notes
Turn   | Place    | Note
-------+----------+-------------------------------------------
     0 | D:1      | iamoutofideas the Hill Orc Gladiator began the quest for
                  | the Orb.
     0 | D:1      | Reached XP level 1. HP: 18/18 MP: 1/1
   247 | D:1      | Reached XP level 2. HP: 25/25 MP: 2/2
   332 | D:1      | Reached skill level 5 in Axes
   475 | D:1      | Found Doreysub's Jewellery Shop.
   686 | D:2      | Reached XP level 3. HP: 28/30 MP: 3/3
  1085 | D:2      | Reached skill level 6 in Axes
  1649 | D:3      | Reached XP level 4. HP: 34/37 MP: 4/4
  2097 | D:3      | Found a bloodstained altar of Trog.
  2168 | D:3      | Found a basalt altar of Yredelemnul.
  2237 | D:3      | Found a glowing golden altar of the Shining One.
  2237 | D:3      | Found a white marble altar of Elyvilon.
  2238 | D:3      | Found a glowing silver altar of Zin.
  2563 | D:3      | Found Nixumof's Armour Shop.
  2637 | D:3      | Found a blossoming altar of Fedhas.
  2645 | D:3      | Found an iron altar of Okawaru.
  2894 | D:4      | Reached skill level 7 in Axes
  2897 | D:4      | Noticed a scorpion
  2917 | D:4      | Found a staircase to the Ecumenical Temple.
  2929 | D:5      | Entered Level 5 of the Dungeon
  2938 | D:5      | Reached XP level 5. HP: 18/42 MP: 5/5
  3020 | D:4      | Reached skill level 8 in Axes
  3421 | Temple   | Entered the Ecumenical Temple
  3909 | D:4      | Reached XP level 6. HP: 34/50 MP: 6/6
  4346 | D:4      | Noticed Edmund
  4548 | D:5      | Found a runed translucent door.
  4548 | D:5      | Noticed willcat's ghost (weakling OpDe)
  4568 | D:5      | Found a runed translucent door.
  4576 | D:5      | Reached skill level 9 in Axes
  4756 | D:5      | Reached XP level 7. HP: 36/58 MP: 7/7
  5055 | D:5      | Found an ancient bone altar of Kikubaaqudgha.
  5070 | D:5      | Reached skill level 10 in Axes
  5222 | D:5      | Reached skill level 5 in Fighting
  5230 | D:5      | Reached skill level 11 in Axes
  5230 | D:5      | Reached XP level 8. HP: 57/69 MP: 8/8
  6015 | D:5      | Killed willcat's ghost
  6059 | D:6      | Found Dic Qich's Distillery.
  6076 | D:6      | Bought a potion of heal wounds for 65 gold pieces
  6076 | D:6      | Bought a potion of might for 52 gold pieces
  6275 | D:4      | Killed Edmund
  6549 | D:6      | Reached skill level 12 in Axes
  7273 | D:6      | Reached XP level 9. HP: 75/79 MP: 9/9
  7312 | D:6      | Reached skill level 13 in Axes
  7575 | D:6      | Noticed a cyan ugly thing
  7941 | D:6      | Found a shimmering blue altar of Sif Muna.
  7941 | D:6      | Found a broken altar of Ashenzari.
  7941 | D:6      | Found an ornate altar of the Wu Jian Council.
  8111 | D:7      | Reached skill level 14 in Axes
  9348 | D:7      | Found an opulent altar of Gozag.
  9366 | D:7      | Became a worshipper of Gozag Ym Sagoz the Greedy
  9428 | D:8      | Reached skill level 15 in Axes
  9508 | D:8      | Reached XP level 10. HP: 71/91 MP: 10/10
  9806 | D:8      | Slain by a yak

Illustrated notes

Levels and vault maps discovered:
D:1:      beargit_arrival_greenhouse, layout_rooms, serial_shops,
          nicolae_shop_trees
D:2:      layout_basic
D:3:      layout_basic, good_gods_mini_temple, marbit_many_paths, bloody_trog,
          mainiacjoe_overflow_large_starburst, serial_shops, shop_coins,
          minmay_misc_feat_secret_circle
D:4:      layout_rooms, minmay_temple_entry_waves, uniq_edmund
D:5:      minmay_chambers_of_fours, layout_basic, mainiacjoe_overflow_paths,
          ebering_ghost_sewer_f
D:6:      minmay_chambers_of_sixes, layout_rooms,
          gammafunk_temple_overflow_forgotten, serial_shops, shop,
          corexii_leaking_fountain, chequers_serial_rivers_large_a
D:7:      layout_basic, mainiacjoe_overflow_small_starburst, serial_shops,
          shop_fountains
D:8:      layout_cave_pools
Temple:   dpeg_three_leaves_temple

Skill      XL: |  1  2  3  4  5  6  7  8  9 |
---------------+----------------------------+-----
Axes           | 5 6 7 8 9 11 12 15 | 15.6
Fighting       | 3 5 7 9 |  9.4
Throwing       | |  1.7
Dodging        | |  2.4

Action                   |  1- 3 |  4- 6 |  7- 9 | 10-12 || total
-------------------------+-------+-------+-------+-------++-------
Melee: War axe           |   109 |   119 |   243 |    36 ||   507
       Hand axe          |       |    43 |       |       ||    43
  Use: Scroll            |       |     4 |     4 |     2 ||    10
       Potion            |       |     1 |     1 |     2 ||     4
 Stab: Sleeping          |       |     2 |       |       ||     2
Armor: Leather armour    |    38 |    31 |       |       ||    69
       Skin              |       |    22 |       |       ||    22
       Ring mail         |       |     7 |     4 |       ||    11
       Scale mail        |       |       |    61 |    10 ||    71
Dodge: Dodged            |    87 |    97 |   121 |    26 ||   331

Table legend: (Time is in decaauts)
 A = Elapsed time spent in this place.
 B = Non-inter-level travel time spent in this place.
 C = Inter-level travel time spent in this place.
 D = Time resting spent in this place.
 E = Time spent auto-exploring this place.
 F = Levels seen in this place.
 G = Mean time per level.
                   A        B        C        D        E       F      G
               +--------+--------+--------+--------+--------+-----+--------+
         Total |   9837 |   9129 |    708 |   2678 |   4717 |   9 | 1093.0 |
       Dungeon |   9724 |   9031 |    693 |   2678 |   4627 |   8 | 1215.5 |
        Temple |    112 |     97 |     15 |      0 |     90 |   1 |  112.0 |
               +--------+--------+--------+--------+--------+-----+--------+

Top non-repeatable levels by time:
     D:5: 1917 daAuts
     D:3: 1698 daAuts
     D:6: 1591 daAuts
     D:4: 1489 daAuts
     D:7: 997 daAuts
     D:2: 948 daAuts
     D:1: 677 daAuts
     D:8: 405 daAuts
  Temple: 112 daAuts
